 Dungeon Crawl Stone Soup version 0.18-a0-943-g2c08dd4 (webtiles) character file.

123 filipzpl the Ruffian (level 4, -3/41 HPs)
             Began as a Troll Transmuter on Dec 28, 2015.
             Slain by filipzpl's ghost (5 damage)
             ... on level 3 of the Dungeon.
             The game lasted 00:06:19 (1731 turns).

filipzpl the Ruffian (Troll Transmuter)             Turns: 1731, Time: 00:06:19

Health: -3/41      AC:  6    Str: 18    XL:     4   Next: 80%
Magic:  4/4        EV:  9    Int: 10    God:
Gold:   90         SH:  0    Dex: 10    Spells: 2 memorised, 1 level left

rFire  . . .     SeeInvis .       - Unarmed
rCold  . . .     Gourm    +     b - +0 robe
rNeg   . . .     Faith    .     (no shield)
rPois  .         Spirit   .     (helmet restricted)
rElec  .         Dismiss  .     o - +0 cloak
rCorr  .         Reflect  .     (gloves unavailable)
SustAt .         Harm     .     (boots unavailable)
MR     .....                    (no amulet)
Stlth  +.........               (no ring)
                                (no ring)

@: not resistant to hostile enchantments, very unstealthy
A: unfitting armour, claws 3, fast metabolism 3, gourmand, regeneration 2,
shaggy fur 1, tough skin 2
a: no special abilities


You were on level 3 of the Dungeon.
You were not hungry.

You visited 1 branch of the dungeon, and saw 3 of its levels.

You collected 90 gold pieces.

Inventory:

Missiles
 a - 78 arrows
 g - 7 arrows of dispersal
Armour
 b - a +0 robe (worn)
 o - a +0 cloak (worn)
Wands
 f - a wand of digging (7/24)
 h - a wand of frost (20/48)
Scrolls
 e - 2 scrolls of identify {unknown}
 j - 2 scrolls of recharging {unknown}
 p - 3 scrolls of fog {unknown}
Potions
 i - a potion of lignification {unknown}
 k - a potion of curing {unknown}
 l - a potion of cure mutation {unknown}
 m - a potion of cancellation {unknown}
 n - a potion of poison {unknown}
 r - 2 potions of flight {unknown}
 s - a potion of invisibility {unknown}
Books
 c - a book of Changes

   Spells                             Type                      Level
   a - Beastly Appendage              Transmutation                1
   b - Sticks to Snakes               Transmutation                2
   c - Spider Form                    Transmutation/Poison         3
   d - Ice Form                       Ice/Transmutation            4
   e - Blade Hands                    Transmutation                5
Comestibles
 d - 4 bread rations


   Skills:
 - Level 1.6 Fighting
 - Level 1.5 Dodging
 - Level 4.4 Unarmed Combat
 - Level 1.2 Spellcasting
 + Level 1.9 Transmutations
 + Level 1.1 Poison Magic


You had one spell level left.
You knew the following spells:

 Your Spells              Type           Power        Failure   Level  Hunger
a - Beastly Appendage     Trmt           #.....       17%         1    ##.....
b - Spider Form           Trmt/Pois      #.........   65%         3    ####...


Dungeon Overview and Level Annotations

Branches:
Dungeon (3/15)

Altars:
Fedhas
Kikubaaqudgha

Annotations:
D:3 filipzpl's ghost, amateur DrTm


Innate Abilities, Weirdness & Mutations

You are too large for most types of armour.
You have claws for hands.
Your metabolism is lightning-fast.
You like to eat raw meat.
You heal very quickly.
You are covered in fur (AC +1).
You have very tough skin (AC +2).


Message History

* * * LOW HITPOINT WARNING * * *
You scratch filipzpl's ghost but do no damage.
Your headbutt misses filipzpl's ghost. The orc priest barely misses you.
You closely miss filipzpl's ghost. Filipzpl's ghost closely misses you.
You barely miss filipzpl's ghost.
The orc priest hits you with a hand axe.
* * * LOW HITPOINT WARNING * * *
Filipzpl's ghost hits you but does no damage.
You closely miss filipzpl's ghost. Your headbutt misses filipzpl's ghost.
The orc priest hits you with a hand axe.
* * * LOW HITPOINT WARNING * * *
Filipzpl's ghost hits you but does no damage.
You scratch filipzpl's ghost but do no damage.
Filipzpl's ghost barely misses you.
The orc priest hits you but does no damage.
You scratch filipzpl's ghost but do no damage.
Your headbutt misses filipzpl's ghost.
Your horns disappear.
Filipzpl's ghost hits you.
You die...

..####.#...#.#........#.#.##.#
..####.#...#.#l##.###.#.#.##.#
..Wb.b.#...#.#......#.....##.#
..######...#.####.#.#.#>####.#
..# #...#.####(..#........#
..# #...#.#......#.#.######
..# #####.#.##g..#.#.# ..# #.#
#Wo#.#.#.# ### #.# #@.#.#.#.#
#.#.####...#.# #.#........#
#.#######..# #.# #....#
###<#####.##.# #.........##...
#...#########..# #...# ..#


You could see an orc priest, filipzpl's ghost and a goblin.

Vanquished Creatures
  An orc wizard (D:3)
  5 adders
  A worm (D:2)
  2 giant geckos
  4 orcs (D:3)
  2 giant cockroaches
  7 goblins
  3 hobgoblins
  5 jackals
  3 kobolds
  A ball python (D:1)
  5 bats
  3 giant newts
  A quokka (D:2)
  3 rats
46 creatures vanquished.

Notes
Turn   | Place    | Note
--------------------------------------------------------------
     0 | D:1      | filipzpl the Troll Transmuter began the quest for the Orb.
     0 | D:1      | Reached XP level 1. HP: 18/18 MP: 1/1
   107 | D:1      | Reached XP level 2. HP: 26/26 MP: 2/2
   154 | D:1      | Reached skill level 1 in Fighting
   746 | D:2      | Reached skill level 4 in Unarmed Combat
   887 | D:2      | Reached XP level 3. HP: 33/33 MP: 3/3
  1183 | D:2      | Found a blossoming altar of Fedhas.
  1183 | D:2      | Found an ancient bone altar of Kikubaaqudgha.
  1451 | D:2      | Learned a level 3 spell: Spider Form
  1454 | D:3      | Reached XP level 4. HP: 34/41 MP: 2/4
  1556 | D:3      | Reached skill level 1 in Poison Magic
  1665 | D:3      | Noticed filipzpl's ghost (amateur DrTm)
  1729 | D:3      | HP: 1/41 [orc priest/hand axe (5)]
  1731 | D:3      | Slain by filipzpl's ghost

Vault maps used:
D:1:      dpeg_arrival_round_b
D:2:      grunt_temple_overflow_growth_and_decay, first_bread,
          columned_hall_lemuel
D:3:      hex_large, kennysheep_potato

Action                   |  1- 3 |  4- 6 || total
-------------------------+-------+-------++-------
Melee: Unarmed           |   103 |    60 ||   163
 Cast: Beastly Appendage |     1 |     1 ||     2
 Stab: Sleeping          |     1 |       ||     1
  Eat: Chunk             |     6 |     1 ||     7
       Fruit             |     2 |     1 ||     3
       Beef jerky        |     1 |       ||     1
       Royal jelly       |       |     1 ||     1
